 Dungeon Crawl Stone Soup version 0.30.0-20-g3615ddf2f0 (webtiles) character file.

Game seed: 3821848986666545114

1045 qw the Chopper (level 8, -3/49 HPs)
             Began as a Gargoyle Fighter on May 27, 2023.
             Slain by a yak (12 damage)
             ... on level 5 of the Dungeon.
             The game lasted 00:02:09 (3534 turns).

qw the Chopper (Gargoyle Fighter)                   Turns: 3534, Time: 00:02:10

Health: -3/49      AC: 14    Str: 21      XL:     8   Next: 25%
Magic:  8/8        EV:  9    Int: 10      God:
Gold:   131        SH:  4    Dex:  7 (9)  Spells: 7/7 levels left

rFire   + . .        Y - +0 war axe
rCold   + . .        c - +0 buckler
rNeg    + . .        b - +0 scale mail
rPois   inf          (no helmet)
rElec   +            f - scarf {rC+ rF+}
rCorr   .            p - +1 pair of gloves
SInv    +            (no boots)
Will    +....        (no amulet) Stlth
                     a - ring of see invisible
HPRegen 0.28/turn    q - ring of willpower
MPRegen 0.11/turn

%: no passive effects
@: no status effects
A: sickness immunity, AC +5, negative energy resistance 1, electricity
resistance, torment resistance 1, petrification resistance
a: no special abilities


You were on level 5 of the Dungeon.
You visited 2 branches of the dungeon, and saw 6 of its levels.

You collected 167 gold pieces.
You spent 36 gold pieces at shops.


Innate Abilities, Weirdness & Mutations

You are immune to sickness and miasma.
Your stone body is resilient. (AC +5)
You are immune to poison.
You resist negative energy. (rN+)
You are resistant to electric shocks. (rElec)
You are resistant to unholy torment.
You are immune to petrification.


   Skills:
 - Level 5.1 Fighting
 + Level 7.6 Axes
 - Level 1.5 Throwing
 - Level 3.2 Armour
 - Level 1.5 Dodging
 - Level 3.2 Shields


You had 7 spell levels left.
You didn't know any spells.
Your spell library was empty.

Inventory:

Hand Weapons
 i - a +0 flail
 Y - a +0 war axe (weapon)
Missiles
 j - a silver boomerang (quivered)
Armour
 b - a +0 scale mail (worn)
 c - a +0 buckler (worn)
 f - a scarf of resistance (worn)
 p - a +1 pair of gloves (worn)
Jewellery
 a - a ring of see invisible (left hand)
 q - a ring of willpower (right hand)
Scrolls
 r - a scroll of immolation {unknown}
Potions
 d - 2 potions of might
 e - 3 potions of haste {unknown}
 g - a potion of ambrosia {unknown}
 h - a potion of cancellation
 k - 4 potions of attraction
 l - 3 potions of curing
 n - a potion of magic {unknown}
 o - a potion of resistance {unknown}

Dungeon Overview and Level Annotations

Branches:
Dungeon (5/15)             Temple (1/1) D:4

Altars:
Cheibriados
Fedhas
Gozag
Qazlal
Ru
Trog
Vehumet
Xom
Yredelemnul

Shops:
D:2 !

Annotations:
D:2 1 runed translucent door, Crazy Yiuf
D:3 3 runed translucent doors, qw's ghost, amateur GrFi
D:5 Ijyb


Message History

The yak is moderately wounded.
You completely miss the yak. The yak gores you.
You hit the yak.
The yak is heavily wounded.
You hit Ijyb but do no damage. You slash the yak! The yak gores you!
Ijyb closely misses you. You block Ijyb's attack.
3528 ||| DRINKING potion of heal wounds.
You feel much better. You block the yak's attack. You block Ijyb's attack.
You slash the yak!
The yak is severely wounded.
You hit the yak. You hit Ijyb. You block the yak's attack.
The yak gores you but does no damage. Ijyb hits you but does no damage.
You barely miss the yak.
The yak is severely wounded.
You hit the yak. You hit Ijyb but do no damage.
The yak gores you but does no damage. The yak barely misses you.
Ijyb hits you but does no damage.
You slash the yak!
The yak is almost dead.
You closely miss Ijyb. You hit the yak. The yak misses you.
The yak barely misses you.
Ijyb zaps a wand.
You resist with some effort.
You slash the yak!
You kill the yak!
You closely miss Ijyb. You hit the yak. The yak gores you but does no damage.
Ijyb hits you but does no damage.
You feel your strength returning.
You slash the yak!
The yak is almost dead.
You hit Ijyb but do no damage. You hit the yak but do no damage.
The yak gores you. You block the yak's attack.
Ijyb hits you but does no damage.
You hit the yak but do no damage.
The yak is almost dead.
You hit the yak. You hit Ijyb. The yak barely misses you. The yak gores you.
Ijyb zaps a wand.
Your mind is blasted!
The yak barely misses you. The yak gores you!
You die...

#.#... #.....
......###
........##
.....=...##
..........# ####
........#.## .....
........#YY##......
........##Y@g......
...h....#####......
........# .....
##Y###### .... #Y#
.?.. ####. #.#
##.####.... #Y#
#......### #Y#
###..>.... #.# ###
#.##.##.


You could see 3 yaks and Ijyb.

Vanquished Creatures
  2 yaks (D:5)
  Eustachio (D:4)
  2 ice beasts
  A black bear (D:5)
  Blork the orc (D:4)
  A scorpion (D:4)
  Jessica (D:2)
  An iguana (D:5)
  3 adders
  3 gnolls (D:4)
  4 worms
  2 dart slugs
  11 orcs
  12 ball pythons
  7 bats
  9 endoplasms
  A giant cockroach (D:4)
  14 goblins
  8 hobgoblins
  8 jackals
  3 quokkas
  3 frilled lizards (D:1)
  6 kobolds
  2 rats
106 creatures vanquished.

Notes
Turn   | Place    | Note
-------+----------+-------------------------------------------
     0 | D:1      | qw the Gargoyle Fighter began the quest for the Orb.
     0 | D:1      | Reached XP level 1. HP: 14/14 MP: 1/1
     0 | D:1      | 0 ||| qw: Version: 0.2-a-99-gce666ed
     0 | D:1      | 0 ||| qw: Game counter: 139
     0 | D:1      | 0 ||| qw: Always use a shield: true
     0 | D:1      | 0 ||| qw: God list: Okawaru
     0 | D:1      | 0 ||| qw: Allow faded altars: false
     0 | D:1      | 0 ||| qw: Do Orc after D:15 true
     0 | D:1      | 0 ||| qw: Do second Lair branch before Depths: true
     0 | D:1      | 0 ||| qw: Lair rune preference: random
     0 | D:1      | 0 ||| qw: Plans: Normal, Zot:1-4, God:TSO, Crypt, Tomb,
                  | Pan, Slime:5, Hells, Abyss, Win
     0 | D:1      | 0 ||| PLANNING D:1-11
    35 | D:1      | Reached skill level 2 in Axes
    95 | D:1      | 95 ||| Stepping ~*~*~tactically~*~*~ (stealth).
   102 | D:1      | Reached XP level 2. HP: 19/19 MP: 2/2
   134 | D:1      | 134 ||| DROPPING +0 club.
   230 | D:1      | Reached skill level 3 in Axes
   242 | D:1      | 242 ||| Stepping ~*~*~tactically~*~*~ (stealth).
   248 | D:1      | Reached XP level 3. HP: 23/23 MP: 3/3
   253 | D:1      | 253 ||| Stepping ~*~*~tactically~*~*~ (stealth).
   254 | D:1      | 254 ||| Stepping ~*~*~tactically~*~*~ (stealth).
   283 | D:1      | 283 ||| Stepping ~*~*~tactically~*~*~ (stealth).
   668 | D:1      | 668 ||| READING scroll labelled EKKUTE LOSUTOE.
   669 | D:1      | 669 ||| READING scroll labelled UTHROXK WAUVU.
   670 | D:1      | 670 ||| READING scroll labelled PIV UFFIONUHE.
   675 | D:1      | 675 ||| READING scroll labelled YGEGO HUFUI.
   676 | D:1      | 676 ||| READING scroll labelled ZIMELOO QILEPP.
   677 | D:1      | 677 ||| DRINKING 2 cyan potions.
   678 | D:1      | 678 ||| DRINKING 2 lumpy amethyst potions.
   771 | D:2      | Noticed Jessica
   772 | D:2      | 772 ||| Stepping ~*~*~tactically~*~*~ (hiding).
   776 | D:2      | Killed Jessica
   777 | D:2      | Reached skill level 4 in Axes
   777 | D:2      | Reached XP level 4. HP: 28/28 MP: 4/4
   847 | D:2      | Found a runed translucent door.
   848 | D:2      | Noticed Crazy Yiuf
  1045 | D:2      | 1045 ||| DROPPING +0 mace.
  1085 | D:2      | Found Duj Xig's Distillery.
  1094 | D:2      | 1094 ||| BUYING potion of curing (36 gold).
  1094 | D:2      | Bought a potion of curing for 36 gold pieces
  1094 | D:2      | 1094 ||| SHOPLISTING potion of heal wounds (60 gold, have
                  | 31).
  1094 | D:2      | 1094 ||| SHOPLISTING potion of might (48 gold, have 31).
  1094 | D:2      | 1094 ||| SHOPLISTING potion of resistance (120 gold, have
                  | 31).
  1565 | D:2      | 1565 ||| UPGRADING to +0 pair of gloves.
  1570 | D:2      | 1570 ||| READING 2 scrolls labelled DUTHOF COSEGH.
  1571 | D:2      | 1571 ||| READING scroll labelled CAONLO BIKLE.
  1572 | D:2      | 1572 ||| READING scroll labelled CORPHE CIGOUFF.
  1573 | D:2      | 1573 ||| READING scroll labelled TIVESYPTUH.
  1574 | D:2      | 1574 ||| DRINKING 5 puce potions.
  1575 | D:2      | 1575 ||| DROPPING scroll of fear.
  1709 | D:3      | 1709 ||| Stepping ~*~*~tactically~*~*~ (stealth).
  1720 | D:3      | Reached XP level 5. HP: 32/32 MP: 5/5
  1844 | D:3      | Noticed qw's ghost (amateur GrFi)
  1867 | D:3      | Found a runed translucent gate.
  1867 | D:3      | Found a runed translucent gate.
  1867 | D:3      | Found a runed translucent gate.
  1873 | D:3      | 1873 ||| READING scroll of enchant armour.
  1873 | D:3      | 1873 ||| ENCHANTING +0 pair of gloves.
  1925 | D:3      | Noticed an ice beast
  1938 | D:3      | Killed an ice beast
  1939 | D:3      | Reached skill level 5 in Axes
  2040 | D:3      | Reached XP level 6. HP: 35/37 MP: 6/6
  2060 | D:3      | Found a sacrificial altar of Ru.
  2429 | D:3      | 2429 ||| UPGRADING to scarf of resistance.
  2434 | D:3      | 2434 ||| DROPPING +6 ring of intelligence.
  2435 | D:3      | 2435 ||| READING scroll labelled HORGHI VASASENK.
  2436 | D:3      | 2436 ||| DRINKING 2 inky potions.
  2437 | D:3      | 2437 ||| DROPPING potion of degeneration.
  2469 | D:4      | Noticed Eustachio
  2511 | D:4      | Killed Eustachio
  2669 | D:4      | Reached XP level 7. HP: 40/44 MP: 7/7
  2801 | D:4      | Found a staircase to the Ecumenical Temple.
  2802 | D:4      | 2802 ||| PLANNING TEMPLE
  2802 | D:4      | 2802 ||| UPGRADING to ring of see invisible.
  2803 | D:4      | 2803 ||| UPGRADING to ring of willpower.
  2810 | Temple   | Entered the Ecumenical Temple
  2846 | Temple   | 2846 ||| PLANNING D:1-11
  2865 | D:4      | Noticed Blork the orc
  2872 | D:4      | Killed Blork the orc
  2873 | D:4      | Reached skill level 1 in Throwing
  2984 | D:4      | 2984 ||| Stepping ~*~*~tactically~*~*~ (stealth).
  2987 | D:4      | 2987 ||| Stepping ~*~*~tactically~*~*~ (stealth).
  3008 | D:4      | Reached skill level 6 in Axes
  3172 | D:4      | 3172 ||| Stepping ~*~*~tactically~*~*~ (hiding).
  3266 | D:4      | 3266 ||| READING scroll labelled QOLAMU ACUINO.
  3285 | D:5      | Entered Level 5 of the Dungeon
  3314 | D:5      | 3314 ||| Stepping ~*~*~tactically~*~*~ (stealth).
  3487 | D:5      | Noticed a yak
  3488 | D:5      | Noticed a yak
  3491 | D:5      | Noticed a yak
  3493 | D:5      | Noticed a yak
  3496 | D:5      | Killed a yak
  3497 | D:5      | Reached skill level 7 in Axes
  3497 | D:5      | Noticed a yak
  3505 | D:5      | HP: 9/44 [yak (10)]
  3506 | D:5      | 3506 ||| READING scroll of teleportation.
  3507 | D:5      | 3507 ||| DRINKING 2 potions of heal wounds.
  3509 | D:5      | 3509 ||| FLEEEEING.
  3510 | D:5      | 3510 ||| FLEEEEING.
  3525 | D:5      | Noticed Ijyb
  3526 | D:5      | Reached skill level 1 in Dodging
  3526 | D:5      | Reached XP level 8. HP: 23/49 MP: 8/8
  3527 | D:5      | HP: 11/49 [yak (7)]
  3528 | D:5      | 3528 ||| DRINKING potion of heal wounds.
  3532 | D:5      | Killed a yak
  3534 | D:5      | HP: 9/49 [disintegration (17)]
  3534 | D:5      | Slain by a yak

Levels and vault maps discovered:
D:1:      psy_arrival_fountain, layout_rooms, serial_bayou_lagoon_a,
          chequers_arboretum, minivault_24
D:2:      kennysheep_the_goblin_king, layout_loops_ring, serial_shops, shop,
          uniq_jessica, uniq_crazy_yiuf_cottage
D:3:      layout_loops_ring, nicolae_ru_the_path_less_chosen,
          gammafunk_ghost_icy, st_stairs_1
D:4:      layout_rooms, minmay_temple_entry_hall, uniq_blork_the_orc,
          uniq_eustachio
D:5:      layout_basic, lemuel_tele_altar, serial_curves, eino_curves_02,
          eino_curves_01, eino_curves_03, uniq_ijyb
Temple:   hellmonk_temple_of_storms

Skill      XL: |  1  2  3  4  5  6  7 |
---------------+----------------------+-----
Axes           | 2 3 4 5 7 |  7.6
Fighting       | 5 |  5.1
Throwing       | 1 |  1.5
Dodging        | 1 |  1.5
Armour         | |  3.2
Shields        | |  3.2

Action                     |  1- 3 |  4- 6 |  7- 9 || total
---------------------------+-------+-------+-------++-------
  Melee: War axe           |    80 |   184 |   102 ||   366
  Throw: Boomerang         |       |       |    18 ||    18
    Use: Scroll            |     5 |     6 |     2 ||    13
         Potion            |     2 |     2 |     2 ||     6
 Armour: Scale mail        |    32 |   131 |    66 ||   229
  Dodge: Dodged            |    34 |   100 |    51 ||   185
  Block: Buckler           |     7 |    40 |    23 ||    70

Table legend:
 A = Non-vault XP
 B = Vault XP
 C = Vault XP percentage of total XP
 D = Non-vault monster count
 E = Vault monster count
 F = Vault count percentage of total count
                 A         B        C        D         E       F
            +---------+---------+-------+---------+---------+-------
      Total |    1148 |     345 |  23.1 |      93 |      13 |  12.3
            +---------+---------+-------+---------+---------+-------
        D:1 |      51 |       0 |   0.0 |      29 |       0 |   0.0
        D:2 |      58 |      50 |  46.3 |      20 |       8 |  28.6
        D:3 |     185 |      16 |   8.0 |      20 |       3 |  13.0
        D:4 |     155 |     279 |  64.3 |      15 |       2 |  11.8
        D:5 |     699 |       0 |   0.0 |       9 |       0 |   0.0
            +---------+---------+-------+---------+---------+-------
